 Dungeon Crawl Stone Soup version 0.29-a0-451-gfbfa42419e (webtiles) character file.

Game seed: 18198943823841187875

4 acebull12 the Cudgeller (level 1, 0/16 HPs)
             Began as a Demonspawn Gladiator on May 20, 2022.
             Slain by a gnoll
             ... wielding a +0 spear
              (3 damage)
             ... on level 1 of the Dungeon.
             The game lasted 00:00:32 (60 turns).

acebull12 the Cudgeller (Demonspawn Gladiator)        Turns: 60, Time: 00:00:33

Health: 0/16       AC:  4    Str: 14    XL:     1   Next: 50%
Magic:  1/1        EV: 12    Int:  9    God:
Gold:   29         SH:  0    Dex: 14    Spells: 0/0 levels left

rFire   . . .      SeeInvis .   a - +0 flail
rCold   . . .      Faith    .   (no shield)
rNeg    . . .      Spirit   .   b - +0 leather armour
rPois   .          Reflect  .   c - +0 helmet
rElec   .          Harm     .   (no cloak)
rCorr   .          Rampage  .   (no gloves)
Will    .....                   (no boots)
Stlth   +.........              (no amulet)
HPRegen 0.05/turn               (no ring)
MPRegen 0.07/turn               (no ring)

@: no status effects
A: no striking features
a: no special abilities


You were on level 1 of the Dungeon.
You visited 1 branch of the dungeon, and saw 1 of its levels.

You collected 29 gold pieces.

Inventory:

Hand Weapons
 a - a +0 flail (weapon)
Missiles
 d - 3 throwing nets (quivered)
 e - a javelin
Armour
 b - a +0 leather armour (worn)
 c - a +0 helmet (worn)
Scrolls
 f - a scroll of identify {unknown}


   Skills:
 + Level 2.0 Fighting
 + Level 2.8 Maces & Flails
 + Level 1.8 Throwing
 + Level 2.8 Dodging


You couldn't memorise any spells.
You didn't know any spells.
Your spell library was empty.

Dungeon Overview and Level Annotations

Branches:
Dungeon (1/15)

Altars:


Message History

f - a scroll labelled XAHOYFIUN You now have 29 gold pieces (gained 11).
A gnoll comes into view. It is wielding a +0 spear.
Found a mace and 10 gold pieces.
The gnoll shouts!
A gnoll is nearby!
Found a stone staircase leading down.
The gnoll closely misses you.
A kobold comes into view. It is wielding a +0 short sword.
You see here a +0 mace.
The kobold shouts!
The gnoll closely misses you.
You see here 10 gold pieces.
You hit the gnoll.
The gnoll is lightly wounded.
The gnoll hits you but does no damage.
You hit the gnoll but do no damage.
The gnoll is lightly wounded.
The gnoll barely misses you.
You barely miss the gnoll.
The gnoll is lightly wounded.
The gnoll hits you with a +0 spear.
You hit the gnoll.
The gnoll is lightly wounded.
A bat comes into view.
The gnoll hits you with a +0 spear. The gnoll hits you but does no damage.
A rat comes into view.
The bat moves out of view.
You hit the gnoll.
The gnoll is moderately wounded.
The gnoll closely misses you.
You hit the gnoll but do no damage.
The gnoll is moderately wounded.
The gnoll hits you with a +0 spear.
* * * LOW HITPOINT WARNING * * *
A rat comes into view.
You closely miss the gnoll.
The gnoll is moderately wounded.
The gnoll hits you with a +0 spear.
You die...

### #.. #.# ## #.# ..
#.# .## ##.####b..###
#...)@gK..r.r
#########..####.>....
........#..#####.#.##
.....[...........#.
...#......>.......
..................
..........)###.#.#
...........##.#..#
.............###.#


You could see a gnoll, a bat, a kobold and 2 rats.

Vanquished Creatures
  A ball python (D:1)
  A goblin (D:1)
  A hobgoblin (D:1)
3 creatures vanquished.

Vanquished Creatures (others)
  A ghoul (D:1)
  3 octopodes (D:1)
  A troll (D:1)
  A merfolk (D:1)
  2 demigods (D:1)
  An ogre (D:1)
  A tengu (D:1)
  A felid (D:1)
  An orc (D:1)
  A plant (D:1)
  6 tentacles (D:1)
19 creatures vanquished.

Grand Total: 22 creatures vanquished

Notes
Turn   | Place    | Note
-------+----------+-------------------------------------------
     0 | D:1      | acebull12 the Demonspawn Gladiator began the quest for the
                  | Orb.
     0 | D:1      | Reached XP level 1. HP: 16/16 MP: 1/1
     0 | D:1      | Noticed an octopode
     0 | D:1      | Noticed an octopode
     0 | D:1      | Noticed a merfolk
     0 | D:1      | Noticed an ogre
     0 | D:1      | Noticed a troll
     0 | D:1      | Noticed a kraken
     0 | D:1      | Noticed a demigod
     0 | D:1      | Noticed a felid
     0 | D:1      | Noticed an octopode
     0 | D:1      | Noticed a ghoul
     0 | D:1      | Noticed a tengu
     0 | D:1      | Noticed a demigod
     3 | D:1      | Killed a felid
     5 | D:1      | Killed an octopode
     6 | D:1      | Killed a troll
     7 | D:1      | Killed an octopode
     8 | D:1      | Killed a merfolk
     8 | D:1      | Killed a tengu
     9 | D:1      | Killed an ogre
     9 | D:1      | Killed an octopode
    10 | D:1      | Killed a demigod
    11 | D:1      | Killed a demigod
    14 | D:1      | Killed a ghoul
    60 | D:1      | Slain by a gnoll

Illustrated notes

Levels and vault maps discovered:
D:1:      nicolae_arrival_kraken_aquarium_a, layout_loops_ring,
          ebering_ecumenical_altar_abandoned, serial_bayou_pond_b

Action                   || total
-------------------------++-------
Melee: Flail             ||    15
Armor: Leather armour    ||     4
Dodge: Dodged            ||     8

Table legend: (Time is in decaauts)
 A = Elapsed time spent in this place.
 B = Non-inter-level travel time spent in this place.
 C = Inter-level travel time spent in this place.
 D = Time resting spent in this place.
 E = Time spent auto-exploring this place.
 F = Levels seen in this place.
 G = Mean time per level.
                   A        B        C        D        E       F      G
               +--------+--------+--------+--------+--------+-----+--------+
         Total |     63 |     63 |      0 |      0 |     31 |   1 |   63.0 |
       Dungeon |     63 |     63 |      0 |      0 |     31 |   1 |   63.0 |
               +--------+--------+--------+--------+--------+-----+--------+

Top non-repeatable levels by time:
     D:1: 63 daAuts
